Map: Galactic Process LE

Players

MaSa - Winner!

  • Race: Terran Terran

PtitDrogo

  • Race: Protoss Protoss

Event: IEM Season 11 - Shanghai

VOD

Have the link to the VOD?

Description

Time

  • Played on: July 27, 2016, 7:50 a.m.
  • Length: 6:15

All games in this series

Show
View Real Time Build Order
Export as new Build Order

MaSa Terran - Winner!

Build Orders: Liberator Opening 

Get SALT Encoding   

  12  0:00  SCV  
  13  0:13  SCV  
  14  0:17  Supply Depot  
  14  0:25  SCV  
  15  0:38  SCV  
  15  0:40  Barracks  
  16  0:44  Refinery  
  16  0:51  SCV  
  17  1:03  SCV  
  18  1:15  SCV  
  19  1:26  Marine  
  19  1:27  Orbital Command  
  20  1:42  Command Center  
  20  1:45  Barracks Reactor  
  20  1:53  Supply Depot  
  20  1:56  SCV  
  21  2:06  Factory  
  21  2:09  SCV  
  21  2:15  Refinery  
  22  2:21  Marine, SCV  
  24  2:23  Marine  
  25  2:33  SCV  
  26  2:39  Marine  
  26  2:41  Marine  
  28  2:46  SCV  
  29  2:51  Starport  
  29  2:52  Factory Tech Lab  
  29  2:57  Orbital Command  
  29  3:01  SCV  
  29  3:05  Marine  
  31  3:06  Marine  
  32  3:14  Siege Tank  
  32  3:17  SCV  
  35  3:23  SCV  
  35  3:25  Marine x2  
  38  3:29  SCV  
  38  3:31  Medivac  
  41  3:36  Supply Depot  
  41  3:38  SCV  
  42  3:46  Cyclone  
  46  3:54  Supply Depot  
  46  3:55  Liberator  
  46  3:57  Marine x2, SCV x2  
  51  4:10  SCV  
  51  4:11  Engineering Bay  
  51  4:15  Marine x2  
  56  4:19  Supply Depot  
  56  4:20  SCV  
  57  4:29  SCV  
  58  4:33  Marine  
  58  4:36  SCV  
  56  4:41  Marine  
  56  4:42  SCV  
  61  4:45  Siege Tank  
  61  4:48  SCV  
  61  4:51  Bunker  
  62  4:54  Marine  
  62  4:55  Bunker, SCV  
  62  4:59  Liberator  
  62  5:00  SCV  
  62  5:02  Marine  
  64  5:07  SCV  
  64  5:12  Marine, SCV  
  66  5:14  Barracks  
  66  5:19  SCV  
  66  5:20  Missile Turret, Marine  
  70  5:24  SCV  
  68  5:29  Marine  
  68  5:31  SCV  
  67  5:36  SCV  
  67  5:38  Marine  
  69  5:43  SCV  
  69  5:44  Supply Depot  
  69  5:46  Supply Depot  
  70  5:50  Marine, SCV  
  70  5:56  Marine  
  68  6:00  SCV  
  68  6:02  SCV  
  69  6:05  Command Center  
  68  6:11  Barracks Tech Lab  
  68  6:12  Barracks  
Show
View Real Time Build Order
Export as new Build Order

PtitDrogo Protoss 

Build Orders: 1 Gate Expand, Oracle Opening 

Get SALT Encoding   

  12  0:01  Probe (Chrono Boost)  
  13  0:11  Probe (Chrono Boost)  
  14  0:18  Pylon  
  14  0:22  Probe (Chrono Boost)  
  15  0:36  Probe (Chrono Boost), Gateway  
  16  0:47  Probe (Chrono Boost)  
  16  0:48  Assimilator  
  17  0:57  Probe (Chrono Boost)  
  18  1:08  Probe (Chrono Boost)  
  19  1:20  Nexus  
  19  1:23  Probe (Chrono Boost)  
  20  1:38  Probe (Chrono Boost), Cybernetics Core  
  21  1:41  Assimilator  
  21  1:48  Probe (Chrono Boost)  
  21  1:53  Pylon  
  22  1:59  Probe (Chrono Boost)  
  23  2:14  Adept  
  23  2:15  Mothership Core (Chrono Boost)  
  25  2:21  Warp Gate  
  27  2:32  Probe (Chrono Boost)  
  27  2:35  Probe (Chrono Boost)  
  29  2:38  Adept  
  29  2:43  Probe (Chrono Boost)  
  32  2:47  Probe (Chrono Boost)  
  33  2:54  Probe (Chrono Boost)  
  33  2:57  Stargate  
  35  2:59  Probe (Chrono Boost)  
  35  3:04  Probe (Chrono Boost)  
  35  3:05  Pylon  
  36  3:09  Probe (Chrono Boost)  
  37  3:15  Probe (Chrono Boost)  
  38  3:20  Probe (Chrono Boost)  
  38  3:25  Probe (Chrono Boost)  
  40  3:27  Gateway  
  40  3:29  Gateway  
  40  3:30  Probe (Chrono Boost)  
  41  3:36  Probe (Chrono Boost), Oracle  
  43  3:42  Probe (Chrono Boost)  
  43  3:46  Probe (Chrono Boost)  
  47  3:54  Nexus  
  47  3:55  Probe (Chrono Boost)  
  48  3:57  Pylon  
  48  3:59  Probe (Chrono Boost)  
  49  4:06  Probe (Chrono Boost)  
  49  4:09  Probe (Chrono Boost), Robotics Facility  
  51  4:13  Assimilator  
  51  4:15  Assimilator  
  51  4:17  Probe (Chrono Boost)  
  51  4:20  Probe (Chrono Boost)  
  53  4:24  Sentry  
  53  4:25  Stalker  
  53  4:27  Stalker  
  53  4:28  Probe (Chrono Boost)  
  53  4:30  Probe (Chrono Boost)  
  59  4:42  Oracle  
  59  4:47  Pylon  
  59  4:48  Zealot  
  61  4:53  Pylon  
  57  5:01  Stalker x2  
  57  5:10  Probe (Chrono Boost)  
  57  5:12  Stalker  
  60  5:20  Pylon  
  59  5:22  Pylon  
  35  5:36  Probe (Chrono Boost), Stalker  
  35  5:37  Stalker  
  35  5:42  Adept  
  44  5:43  Mothership Core (Chrono Boost)  
  44  5:44  Probe (Chrono Boost)  
  44  5:47  Probe (Chrono Boost)  
  42  5:59  Probe x2 (Chrono Boost)  
  42  6:00  Stalker  
  42  6:01  Stalker  

Tags
 
Add a new tag
Caveats
  • Supply blocks, unpowered buildings, or Contaminate may cause inaccurate times.
  • Supply counts are checked every 10 seconds.